 Dungeon Crawl Stone Soup version 0.30.1-4-g462c640d31 (webtiles) character file.

Game seed: 15096064040018363612

11307 safid the Nimble (level 11, -2/92 HPs)
             Began as a Merfolk Ice Elementalist on Sept 8, 2023.
             Was an Elder of Vehumet.
             Constricted to death by a starspawn tentacle (3 damage)
             ... attached to a tentacled starspawn
             ... on level 3 of the Abyss.
             The game lasted 00:27:15 (9226 turns).

safid the Nimble (Merfolk Ice Elementalist)         Turns: 9226, Time: 00:27:15

Health: -2/92      AC: 13    Str:  8    XL:     11   Next: 75%
Magic:  23/23      EV: 14    Int: 30    God:    Vehumet [****..]
Gold:   440        SH:  0    Dex: 12    Spells: 16/26 levels left

rFire   . . .        k - +2 spear "Udereg" {heavy, Drain Int+5}
rCold   . . .        (no shield)
rNeg    . . .        s - +2 robe {Archmagi}
rPois   .            q - +2 helmet
rElec   .            v - +1 cloak
rCorr   +            H - +0 pair of gloves
SInv    +            x - +2 pair of boots
Will    .....        l - amulet of regeneration
Stlth   +++          E - ring of Biawnecuse {rCorr Int+5 Dex-2 SInv Stlth+}
HPRegen 0.00/turn    (no ring)
MPRegen 0.18/turn

%: archmagi
@: sick, constricted
A: (nimble swimmer 2), mertail
a: Renounce Religion


You were on level 3 of the Abyss.
You worshipped Vehumet.
Vehumet was greatly pleased with you.
You visited 2 branches of the dungeon, and saw 11 of its levels.
You visited the Abyss 1 time.
You also visited: Bailey.

You collected 440 gold pieces.

Inventory:

Hand Weapons
 k - the +2 spear "Udereg" (weapon) {heavy, Drain Int+5}
   (You found it on level 2 of the Dungeon)

   Int:       It affects your intelligence (+5).
   Drain:     It drains your maximum health when unequipped.
Armour
 q - a +2 helmet (worn)
 s - a +2 robe of the Archmagi (worn)
 v - a +1 cloak (worn)
 x - a +2 pair of boots (worn)
 H - a +0 pair of gloves (worn)
Jewellery
 l - an amulet of regeneration (around neck)
 E - the ring of Biawnecuse (left hand) {rCorr Int+5 Dex-2 SInv Stlth+}
   (You acquired it in a bailey)

   [ring of resist corrosion]

   Int:       It affects your intelligence (+5).
   Dex:       It affects your dexterity (-2).
   SInv:      It lets you see invisible.
   rCorr:     It protects you from acid and corrosion.
   Stlth:     It makes you more stealthy.
Wands
 o - a wand of acid (2)
 u - a wand of mindburst (5)
 y - a wand of flame (15)
 B - a wand of roots (16)
Scrolls
 g - 3 scrolls of fog
 r - 2 scrolls of butterflies {unknown}
 F - 2 scrolls of fear {unknown}
Potions
 a - 3 potions of lignification
 b - a potion of magic
 c - 4 potions of resistance
 d - a potion of degeneration {unknown}
 f - a potion of might {unknown}
 h - 2 potions of heal wounds
 i - a potion of berserk rage {unknown}
 j - a potion of invisibility {unknown}
 m - a potion of flight {unknown}
 n - 4 potions of mutation {unknown}
 p - 4 potions of curing
 t - 2 potions of haste {unknown}
 z - 2 potions of ambrosia {unknown}
 C - a potion of brilliance {unknown}
Miscellaneous
 G - a phantom mirror


   Skills:
 + Level 10.6 Fighting
 + Level 11.8 Dodging
 - Level 2.1 Stealth
 - Level 8.0 Spellcasting
 + Level 11.5 Ice Magic


You had 16 spell levels left.
You knew the following spells:

 Your Spells              Type           Power      Damage    Failure   Level
a - Freeze                Ice            100%       1d10      1%          1
b - Frozen Ramparts       Ice            100%       1d16      1%          3
c - Ozocubu's Armour      Ice            89%        N/A       1%          3
d - Hailstorm             Conj/Ice       63%        3d13      1%          3

Your spell library contained the following spells:

 Spells                   Type           Power      Damage    Failure   Level
 Fulminant Prism          Conj/Hex       9%         3d6       11%         4
 Kiss of Death            Conj/Necr      72%        2d10      1%          1
 Magic Dart               Conj           72%        1d6       1%          1
 Ensorcelled Hibernation  Hex/Ice        100%       N/A       1%          2
 Inner Flame              Hex/Fire       18%        N/A       3%          3
 Mephitic Cloud           Conj/Pois/Air  18%        N/A       3%          3
 Beastly Appendage        Tmut           36%        N/A       4%          1
 Necrotise                Necr           72%        1d7       4%          1
 Ice Form                 Ice/Tmut       63%        N/A       4%          4
 Summon Ice Beast         Ice/Summ       63%        N/A       4%          4
 Call Imp                 Summ           36%        N/A       6%          2
 Passwall                 Tmut/Erth      15%        N/A       6%          2
 Wereblood                Tmut           18%        N/A       6%          2
 Flame Wave               Conj/Fire      18%        2d7       11%         4
 Sticky Flame             Conj/Fire      18%        2d4       11%         4
 Confusing Touch          Hex            18%        N/A       13%         3
 Spider Form              Tmut/Pois      18%        N/A       13%         3
 Swiftness                Air            18%        N/A       13%         3
 Vampiric Draining        Necr           18%        2d7       13%         3
 Vhi's Electric Charge    Tloc/Air       36%        N/A       13%         3
 Arcjolt                  Conj/Air       9%         1d19      28%         5
 Dispel Undead            Necr           18%        3d11      38%         4
 Simulacrum               Ice/Necr       31%        N/A       52%         6
 Agony                    Necr           18%        N/A       75%         5
 Maxwell's Capacitive Co  Air            9%         ∞         100%        8


Dungeon Overview and Level Annotations

Branches:
Dungeon (10/15)            Temple (1/1) D:6            Lair (0/5) D:9
 Bailey (visited)
    Orc: D:9-12

Altars:
Ashenzari
Cheibriados
Gozag
Kikubaaqudgha
Qazlal
Sif Muna
Uskayaw
Vehumet
Wu Jian
Xom

Annotations:
D:3 3 runed translucent doors, gohan83's ghost, amateur OpVM
D:9 1 runed translucent door, hilljack's ghost, novice GrEE
D:10 Sonja


Innate Abilities, Weirdness & Mutations

((You are very nimble when in or above water. (Stealth+, EV+, Speed+++)))
Your lower body shifts to a powerful aquatic tail in water.


Message History

The neqoxec gestures at you.
Something tries to feed on your intellect!
The raiju attacks as you move away! The raiju bites you.
* * * LOW HITPOINT WARNING * * *
The raiju shocks you!
* * * LOW HITPOINT WARNING * * *
The raiju bursts into living lightning!
The living lightning misses you.
The raiju blinks!
Unknown command.
Unknown command.
The raiju bites you.
* * * LOW HITPOINT WARNING * * *
The raiju shocks you!
* * * LOW HITPOINT WARNING * * *
Unknown command.
Unknown command.
The raiju attacks as you move away! The raiju misses you.
You are suddenly pulled into a different region of the Abyss!
A tentacled starspawn comes into view.
Tentacles burst from the starspawn's body! 2 starspawn tentacles come into view.
An iron giant simulacrum comes into view.
Found a corrupted altar of Lugonu.
There is a corrupted altar of Lugonu here.
A large abomination comes into view.
Unknown command.
Unknown command.
An ancient zyme comes into view.
Unknown command.
Unknown command.
Unknown command.
A tentacled starspawn comes into view.
A tentacle flies out from the starspawn's body!
A starspawn tentacle comes into view.
The starspawn tentacle grabs you. The starspawn tentacle constricts you.
A starspawn tentacle comes into view.
Unknown command.
The starspawn tentacle's grasp on you weakens, but your attempt to escape fails.
The starspawn tentacle constricts you.
You die...

.#... x. .. #
...# ## #### #. #
...#x###..#
.####.# #..#
....# ......
#.#.####..##X─#.#
# #....#....##>#
#.. .###.#...w─#
#.###.# #..#.@.##
..# ##.#.#..#
##.# .###...# ..#
## ..... ###
.#.... #..#.#.#
.#... + . ..


You could see a tentacled starspawn and a starspawn tentacle.

Vanquished Creatures
  An orc warlord (Bailey)
  A hydra (D:9)
  A centaur warrior (D:9)
  A two-headed ogre (D:9)
  Pikel (D:7)
  Psyche (D:8)
  2 hornets
  A troll (D:9)
  A slime creature (D:5)
  A vampire (D:8)
  3 wyverns
  5 yaks (D:9)
  A wraith (D:9)
  2 basilisks
  A vampire mosquito (D:9)
  An acid dragon (D:7)
  5 water moccasins
  6 orc warriors
  Duvessa (D:4)
  An ogre (D:7)
  4 black bears
  5 centaurs
  2 phantoms (D:5)
  3 lemures (D:7)
  3 kobold brigands
  3 bullfrogs
  4 scorpions
  Dowan (D:4)
  18 wights
  15 killer bees
  A howler monkey (D:8)
  2 hounds (D:6)
  A gnoll bouda (D:6)
  2 jellies
  3 orc priests
  4 iguanas
  Ijyb (D:3)
  A sleepcap (D:4)
  8 orc wizards
  A centaur simulacrum (D:9)
  5 gnolls
  3 adders
  A shadow imp (D:6)
  2 ufetubi
  3 dart slugs
  33 orcs
  9 ball pythons
  A bat zombie (D:8)
  8 endoplasms
  7 giant cockroaches
  12 goblins
  7 hobgoblins
  5 jackals
  25 kobolds
  4 quokkas
  3 bats (D:1)
  8 frilled lizards
  4 rats
  2 rat zombies (D:8)
261 creatures vanquished.

Vanquished Creatures (others)
  An orc wizard (D:6)
  8 starspawn tentacles (Abyss:3)
9 creatures vanquished.

Grand Total: 270 creatures vanquished

Notes
Turn   | Place    | Note
-------+----------+-------------------------------------------
     0 | D:1      | safid the Merfolk Ice Elementalist began the quest for the
                  | Orb.
     0 | D:1      | Reached XP level 1. HP: 13/13 MP: 3/3
   239 | D:1      | Reached XP level 2. HP: 20/20 MP: 0/5
   243 | D:1      | Reached skill level 1 in Fighting
  1005 | D:2      | Reached XP level 3. HP: 26/26 MP: 3/6
  1006 | D:2      | Identified the +2 spear "Udereg" {heavy, Drain Int+5}
  1100 | D:2      | Found a faded altar of an unknown god.
  1149 | D:2      | Identified the -1 cloak of the Tundras {Str+3}
  1527 | D:3      | Noticed a black bear
  1537 | D:3      | Killed a black bear
  1538 | D:3      | Reached skill level 5 in Ice Magic
  1538 | D:3      | Reached XP level 4. HP: 18/34 MP: 2/8
  1538 | D:3      | Reached XP level 5. HP: 21/39 MP: 2/9
  1543 | D:3      | Learned a level 3 spell: Frozen Ramparts
  1547 | D:3      | Learned a level 3 spell: Ozocubu's Armour
  1711 | D:3      | Found a runed translucent gate.
  1711 | D:3      | Found a runed translucent gate.
  1711 | D:3      | Found a runed translucent gate.
  1712 | D:3      | Noticed gohan83's ghost (amateur OpVM)
  1895 | D:3      | Noticed Ijyb
  1905 | D:3      | Killed Ijyb
  2182 | D:4      | Reached XP level 6. HP: 47/47 MP: 11/11
  2266 | D:4      | Learned a level 3 spell: Hailstorm
  2549 | D:4      | Noticed Dowan
  2550 | D:4      | Noticed Duvessa
  2564 | D:4      | Killed Dowan
  2570 | D:4      | Killed Duvessa
  2571 | D:4      | Reached XP level 7. HP: 19/54 MP: 3/13
  2805 | D:5      | Entered Level 5 of the Dungeon
  3099 | D:5      | Found an opulent altar of Gozag.
  3202 | D:5      | Reached skill level 5 in Fighting
  3202 | D:5      | Reached XP level 8. HP: 37/62 MP: 8/15
  3316 | D:5      | Noticed a slime creature
  3328 | D:5      | Killed a slime creature
  3329 | D:5      | Reached skill level 5 in Spellcasting
  3330 | D:5      | Reached skill level 5 in Dodging
  3609 | D:6      | Found a staircase to the Ecumenical Temple.
  3688 | Temple   | Entered the Ecumenical Temple
  3695 | Temple   | Became a worshipper of Vehumet
  3897 | D:6      | Reached XP level 9. HP: 58/70 MP: 17/17
  4772 | D:7      | Reached * piety under Vehumet
  4772 | D:7      | Offered knowledge of Shock by Vehumet.
  4889 | D:7      | Found a large runed translucent door.
  4889 | D:7      | Found a large runed translucent door.
  4900 | D:7      | Identified the +8 chain mail of Reptuy {-Tele rCorr Dex+6}
  5174 | D:7      | Noticed Pikel
  5183 | D:7      | Killed Pikel
  5184 | D:7      | Reached XP level 10. HP: 73/80 MP: 11/20
  5689 | D:7      | Paralysed by a hornet for 1 turns
  5696 | D:7      | Paralysed by a hornet for 3 turns
  5813 | D:7      | Found a stormy altar of Qazlal.
  5872 | D:7      | Found a hide-covered altar of Uskayaw.
  6004 | D:8      | Found a flagged portal.
  6007 | D:8      | Reached ** piety under Vehumet
  6011 | Bailey   | Entered a bailey
  6036 | Bailey   | Offered knowledge of Static Discharge by Vehumet.
  6098 | Bailey   | Noticed an orc warlord
  6189 | Bailey   | Found a runed translucent gate.
  6191 | Bailey   | Found a runed translucent gate.
  6193 | Bailey   | Found a runed translucent gate.
  6313 | Bailey   | Killed an orc warlord
  6314 | Bailey   | Reached skill level 10 in Ice Magic
  6382 | Bailey   | Acquired the ring of Biawnecuse {rCorr Int+5 Dex-2 SInv
                  | Stlth+}
  7031 | D:8      | Offered knowledge of Momentum Strike by Vehumet.
  7075 | D:8      | Found an ancient bone altar of Kikubaaqudgha.
  7219 | D:8      | Found an ornate altar of the Wu Jian Council.
  7219 | D:8      | Noticed Psyche
  7226 | D:8      | Reached skill level 10 in Dodging
  7227 | D:8      | Killed Psyche
  7228 | D:8      | Reached XP level 11. HP: 55/89 MP: 20/23
  7314 | D:9      | Found a staircase to the Lair.
  7331 | D:8      | Reached *** piety under Vehumet
  7487 | D:9      | Noticed a centaur warrior
  7551 | D:9      | Offered knowledge of Fulminant Prism by Vehumet.
  7554 | D:9      | Killed a centaur warrior
  7555 | D:9      | Reached skill level 10 in Fighting
  7656 | D:9      | Noticed a five-headed hydra
  7933 | D:9      | Noticed a two-headed ogre
  8026 | D:9      | Found a runed translucent door.
  8026 | D:9      | Found a shimmering altar of Xom.
  8026 | D:9      | Noticed a +2 flail of chaos
  8027 | D:9      | Noticed hilljack's ghost (novice GrEE)
  8103 | D:9      | Killed a five-headed hydra
  8144 | D:9      | Killed a two-headed ogre
  8820 | D:10     | Entered Level 10 of the Dungeon
  8843 | D:10     | Reached **** piety under Vehumet
  8867 | D:10     | Noticed Sonja
  8880 | Abyss:2  | Found a corrupted altar of Lugonu.
  8880 | Abyss:2  | Cast into level 2 of the Abyss (Sonja)
  8910 | Abyss:2  | Noticed a thrashing horror
  8949 | Abyss:3  | Noticed a thrashing horror
  8952 | Abyss:3  | Noticed a thrashing horror
  8952 | Abyss:3  | Noticed a thrashing horror
  8952 | Abyss:3  | Noticed a thrashing horror
  8968 | Abyss:3  | Noticed a crystal guardian
  8968 | Abyss:3  | Noticed a white very ugly thing
  8985 | Abyss:3  | Noticed a tentacled starspawn
  8995 | Abyss:3  | Noticed a wretched star
  8998 | Abyss:3  | Found a corrupted altar of Lugonu.
  9022 | Abyss:3  | Noticed a white very ugly thing
  9023 | Abyss:3  | Noticed a white very ugly thing
  9035 | Abyss:3  | Found a corrupted altar of Lugonu.
  9037 | Abyss:3  | Noticed a thrashing horror
  9065 | Abyss:3  | Noticed a large abomination
  9071 | Abyss:3  | Noticed a thrashing horror
  9084 | Abyss:3  | Noticed a rakshasa
  9084 | Abyss:3  | Noticed a revenant
  9130 | Abyss:3  | Noticed a tentacled starspawn
  9133 | Abyss:3  | Noticed a wretched star
  9139 | Abyss:3  | HP: 1/92 [raiju (7)]
  9157 | Abyss:3  | Noticed a tentacled starspawn
  9205 | Abyss:3  | Found a corrupted altar of Lugonu.
  9224 | Abyss:3  | Noticed a tentacled starspawn
  9226 | Abyss:3  | Constricted to death by a starspawn tentacle

Illustrated notes

Levels and vault maps discovered:
D:1:      tarquinn_simple_flora_water_b, layout_loops_corners
D:2:      layout_rooms, hellmonk_ecumenical_altar_dog_temple,
          minmay_worlds_worst_comb
D:3:      layout_loops_ring, gammafunk_ghost_split, uniq_ijyb
D:4:      layout_basic, uniq_duvessa
D:5:      cheibrodos_fertilizer, layout_rooms, lemuel_tele_altar
D:6:      layout_loops_ring, minmay_temple_entry_mist
D:7:      layout_basic, jmf_multi_god_temple2, minmay_misc_feat_rugged,
          uniq_pikel
D:8:      layout_basic, mainiacjoe_overflow_24_doors,
          lemuel_zombie_altar_kikubaaqudgha, enter_bailey_3, uniq_psyche
D:9:      minmay_diamond_stairs, layout_long_grid, minmay_lair_entry_grove,
          ebering_ghost_xom, kennysheep_dice
D:10:     layout_roguey, kennysheep_little_box, dk_xom_monty_hall,
          lightli_temple_of_fire, kennysheep_donut,
          nicolae_shop_i_like_big_books, hangedman_decor_points, uniq_joseph,
          uniq_sonja
Temple:   nicolae_temple_superstar
Abyss:3:  base: D:7, hangedman_grunt_abyss_rune_horror_hoard,
          hangedman_grunt_abyss_rune_horror_hoard, lemuel_flamethrower_2,
          nicolae_abyss_rune_left_handed, spicy_abyss_rude_harpoons,
          evilmike_abyss_rune_ettins, minivault_5, minivault_5,
          evilmike_abyss_rune_ettins, hangedman_decor_riveting,
          evilmike_abyss_exit_plants, hangedman_elemental_corridor

Skill      XL: |  1  2  3  4  5  6  7  8  9 10 11 |
---------------+----------------------------------+-----
Fighting       | 1 2 3 4 5 6 7 9 10 | 10.6
Spellcasting   | 3 4 5 6 8 |  8.0
Ice Magic      | 5 6 7 9 10 11 | 11.5
Dodging        | 4 6 8 10 11 | 11.8
Stealth        | |  2.1

Action                     |  1- 3 |  4- 6 |  7- 9 | 10-12 || total
---------------------------+-------+-------+-------+-------++-------
  Melee: Dagger            |    47 |       |       |       ||    47
         Unarmed           |     1 |       |       |       ||     1
         Spear             |    34 |   100 |   173 |   236 ||   543
         Punch             |       |     1 |     3 |       ||     4
   Cast: Freeze            |    19 |     2 |    10 |    13 ||    44
         Frozen Ramparts   |       |     3 |    22 |    55 ||    80
         Ozocubu's Armour  |       |     2 |    17 |    42 ||    61
         Hailstorm         |       |       |       |     2 ||     2
    Use: Scroll            |       |       |     9 |    15 ||    24
         Potion            |       |       |       |     3 ||     3
   Stab: Sleeping          |    12 |     8 |     3 |     2 ||    25
 Armour: Robe              |    22 |    25 |    81 |   258 ||   386
  Dodge: Dodged            |    77 |    62 |   134 |   508 ||   781
